 Dungeon Crawl Stone Soup version 0.27-a0-1277-g3808f8b1c9 (webtiles) character file.

Game seed: 13053528316633119487

317 Glokmah the Digger (level 6, -2/35 HPs)
             Began as a Gargoyle Earth Elementalist on June 12, 2021.
             Killed from afar by Ijyb (12 damage)
             ... with a bolt of acid
             ... on level 3 of the Dungeon.
             The game lasted 00:07:23 (3550 turns).

Glokmah the Digger (Gargoyle Earth Elementalist)    Turns: 3550, Time: 00:07:24

Health: -2/35      AC: 11    Str: 13    XL:     6   Next: 44%
Magic:  2/10       EV: 11    Int: 16    God:
Gold:   94         SH:  0    Dex: 10    Spells: 4/10 levels left

rFire    . . .     SeeInvis .   a - +5 dagger (flame)
rCold    . . .     Faith    .   (no shield)
rNeg     + + .     Spirit   .   g - +0 leather armour
rPois    ∞         Reflect  .   (no helmet)
rElec    +         Harm     .   (no cloak)
rCorr    .         Rampage  .   (no gloves)
Will     .....                  (no boots)
Stlth    ++........             (no amulet)
HPRegen  0.11/turn              c - ring of positive energy
MPRegen  0.12/turn              l - +4 ring of protection

@: no status effects
A: sickness immunity, AC +4, negative energy resistance 1, electricity
resistance, torment resistance 1, petrification resistance
a: no special abilities


You were on level 3 of the Dungeon.
You visited 1 branch of the dungeon, and saw 3 of its levels.

You collected 94 gold pieces.

Inventory:

Hand Weapons
 a - a +5 dagger of flaming (weapon)
 e - a +0 dagger
Missiles
 b - 86 stones
Armour
 g - a +0 leather armour (worn)
Jewellery
 c - a ring of positive energy (left hand)
 j - a ring of see invisible
 l - a +4 ring of protection (right hand)
Scrolls
 d - 2 scrolls of noise {unknown}
 f - a scroll of vulnerability {unknown}
 h - a scroll of fear {unknown}
 n - a scroll of identify {unknown}
Potions
 i - 2 potions of might {unknown}
 k - a potion of invisibility {unknown}
 m - a potion of brilliance {unknown}
 o - a potion of attraction {unknown}
 p - a potion of cancellation {unknown}


   Skills:
 + Level 2.2 Fighting
 + Level 2.0 Armour
 - Level 1.5 Dodging
 - Level 2.1 Stealth
 + Level 2.9 Spellcasting
 * Level 2.7 Conjurations
 + Level 2.0 Transmutations
 * Level 5.3 Earth Magic


You had 4 spell levels left.
You knew the following spells:

 Your Spells              Type           Power      Damage    Failure   Level
a - Sandblast             Erth           38%        2d10      2%          1
b - Passwall              Tmut/Erth      11%        N/A       9%          2
c - Stone Arrow           Conj/Erth      30%        3d8       14%         3

Your spell library contained the following spells:

 Spells                   Type           Power      Damage    Failure   Level
 Petrify                  Tmut/Erth      14%        N/A       47%         4
 Lee's Rapid Deconstruct  Erth           9%         3d8*      58%         5


Dungeon Overview and Level Annotations

Branches:
Dungeon (3/15)

Altars:

Annotations:
D:3 Ijyb


Innate Abilities, Weirdness & Mutations

You are immune to sickness and miasma.
Your stone body is resilient. (AC +4)
You are immune to poison.
You resist negative energy. (rN+)
You are resistant to electric shocks. (rElec)
You are resistant to unholy torment.
You are immune to petrification.


Message History

Casting: Sandblast (safe; 2% risk of failure)
Confirm with . or Enter, or press ? or * to list all spells.
Aiming: Sandblast (safe; 2% risk of failure)
Press: ? - help, Shift-Dir - straight line, f/p - Ijyb
Aim: Ijyb, wielding a +0 dagger, wearing a +0 chain mail and carrying a wand of acid (10) (lightly wounded, 79% to hit)
The blast of sand hits Ijyb but does no damage.
Ijyb is lightly wounded.
Casting: Sandblast (safe; 2% risk of failure)
Confirm with . or Enter, or press ? or * to list all spells.
Aiming: Sandblast (safe; 2% risk of failure)
Press: ? - help, Shift-Dir - straight line, f/p - Ijyb
Aim: Ijyb, wielding a +0 dagger, wearing a +0 chain mail and carrying a wand of acid (10) (lightly wounded, 79% to hit)
The blast of sand hits Ijyb but does no damage.
Ijyb is lightly wounded.
Ijyb hits you but does no damage.
Casting: Sandblast (safe; 2% risk of failure)
Confirm with . or Enter, or press ? or * to list all spells.
Aiming: Sandblast (safe; 2% risk of failure)
Press: ? - help, Shift-Dir - straight line, f/p - Ijyb
Aim: Ijyb, wielding a +0 dagger, wearing a +0 chain mail and carrying a wand of acid (10) (lightly wounded, 79% to hit)
The blast of sand hits Ijyb.
Ijyb is moderately wounded.
Ijyb zaps a wand.
The bolt of acid hits you!
You are splashed with acid!
Casting: Sandblast (safe; 2% risk of failure)
Confirm with . or Enter, or press ? or * to list all spells.
The spell is quite dangerous to cast (14% risk of failure)!
Continue anyway?
Aiming: Stone Arrow (quite dangerous; 14% risk of failure)
Press: ? - help, Shift-Dir - straight line, f/p - Ijyb
Aim: Ijyb, wielding a +0 dagger, wearing a +0 chain mail and carrying a wand of acid (9) (moderately wounded, 68% to hit)
The stone arrow hits Ijyb but does no damage.
Ijyb is moderately wounded.
Ijyb hits you with a +0 dagger.
* * * LOW HITPOINT WARNING * * *
Casting: Stone Arrow (quite dangerous; 14% risk of failure)
Confirm with . or Enter, or press ? or * to list all spells.
Aiming: Sandblast (safe; 2% risk of failure)
Press: ? - help, Shift-Dir - straight line, f/p - Ijyb
Aim: Ijyb, wielding a +0 dagger, wearing a +0 chain mail and carrying a wand of acid (9) (moderately wounded, 79% to hit)
The blast of sand misses Ijyb.
Ijyb zaps a wand.
The bolt of acid hits you!
You die...

#........# #..#
###.#...## #..#
#.##..####..#
#...........#
#.....#.#...##.#
#.......##.....#
#..).#.###.###.####.
#...........###.....#
#.....###..).@g.!....
#..... ###..#...####
##.... ##.........
...#..#.#.
###.##..... .# ####.
.. ..


You could see Ijyb.

Vanquished Creatures
  Sigmund (D:3)
  Jessica (D:2)
  An orc wizard (D:3)
  Robin (D:2)
  An adder (D:3)
  3 dart slugs
  3 orcs (D:3)
  5 bats
  5 endoplasms
  4 giant cockroaches (D:1)
  12 goblins
  5 hobgoblins
  3 quokkas (D:2)
  8 ball pythons
  3 frilled lizards
  5 rats
61 creatures vanquished.

Vanquished Creatures (others)
  8 plants (D:2)
  11 withered plants (D:2)
19 creatures vanquished.

Grand Total: 80 creatures vanquished

Notes
Turn   | Place    | Note
-------+----------+-------------------------------------------
     0 | D:1      | Glokmah the Gargoyle Earth Elementalist began the quest for
                  | the Orb.
     0 | D:1      | Reached XP level 1. HP: 10/10 MP: 3/3
   191 | D:1      | Reached XP level 2. HP: 15/16 MP: 0/5
   264 | D:1      | Learned a level 2 spell: Passwall
   272 | D:1      | Reached skill level 1 in Transmutations
   410 | D:1      | Reached skill level 4 in Earth Magic
   837 | D:1      | Reached XP level 3. HP: 18/20 MP: 1/6
   961 | D:1      | Learned a level 3 spell: Stone Arrow
  1434 | D:2      | Reached skill level 1 in Fighting
  1647 | D:2      | Reached skill level 1 in Armour
  1875 | D:2      | Found a faded altar of an unknown god.
  2329 | D:2      | Noticed Jessica
  2346 | D:2      | Reached XP level 4. HP: 25/25 MP: 4/7
  2364 | D:2      | Killed Jessica
  2365 | D:2      | Reached skill level 1 in Conjurations
  2429 | D:2      | Noticed Robin
  2436 | D:2      | Killed Robin
  3230 | D:3      | Reached XP level 5. HP: 29/29 MP: 4/8
  3373 | D:3      | Noticed Sigmund
  3373 | D:3      | Noticed Ijyb
  3382 | D:3      | Killed Sigmund
  3383 | D:3      | Reached skill level 5 in Earth Magic
  3383 | D:3      | Reached XP level 6. HP: 17/35 MP: 0/10
  3550 | D:3      | Killed from afar by Ijyb

Illustrated notes

Levels and vault maps discovered:
D:1:      minmay_arrival_checkered_box, layout_basic
D:2:      layout_basic, shapermc_ecumenical_altar_flowoftime, glass_columns_a,
          minivault_5, minivault_26, uniq_jessica, uniq_robin
D:3:      layout_rooms, minmay_distorted, uniq_sigmund, uniq_ijyb

Skill      XL: |  1  2  3  4  5 |
---------------+----------------+-----
Transmutations | 1 2 |  2.0
Earth Magic    | 4 5 |  5.3
Fighting       | 1 2 |  2.2
Armour         | 1 2 |  2.0
Conjurations   | 1 2 |  2.7
Dodging        | |  1.5
Stealth        | |  2.1
Spellcasting   | |  2.9

Action                   |  1- 3 |  4- 6 || total
-------------------------+-------+-------++-------
Melee: Unarmed           |     2 |       ||     2
       Dagger            |     1 |     4 ||     5
 Cast: Sandblast         |    63 |    41 ||   104
       Stone Arrow       |     1 |     1 ||     2
Armor: Robe              |    21 |       ||    21
       Leather armour    |     1 |     6 ||     7
Dodge: Dodged            |    21 |     7 ||    28

Table legend: (Time is in decaauts)
 A = Elapsed time spent in this place.
 B = Non-inter-level travel time spent in this place.
 C = Inter-level travel time spent in this place.
 D = Time resting spent in this place.
 E = Time spent auto-exploring this place.
 F = Levels seen in this place.
 G = Mean time per level.
                   A        B        C        D        E       F      G
               +--------+--------+--------+--------+--------+-----+--------+
         Total |   3550 |   3348 |    202 |    863 |   1991 |   3 | 1183.3 |
       Dungeon |   3550 |   3348 |    202 |    863 |   1991 |   3 | 1183.3 |
               +--------+--------+--------+--------+--------+-----+--------+

Top non-repeatable levels by time:
     D:2: 1803 daAuts
     D:1: 1373 daAuts
     D:3: 373 daAuts
